 Dungeon Crawl Stone Soup version 0.28-a0-998-gb9e9c7b67e (webtiles) character file.

Game seed: 16521710987664833268

8826 Armakuni the Prestidigitator (level 11, -1/115 HPs)
             Began as a Human Hedge Wizard on Dec 5, 2021.
             Was a Believer of Vehumet.
             Slain by a molten gargoyle (11 damage)
             ... on level 10 of the Dungeon.
             The game lasted 00:39:22 (14295 turns).

Armakuni the Prestidigitator (Human Hedge Wizard)  Turns: 14295, Time: 00:39:23

Health: -1/115     AC: 10    Str: 14    XL:     11   Next: 63%
Magic:  15/15      EV: 15    Int: 15    God:    Vehumet [**....]
Gold:   471        SH:  0    Dex: 13    Spells: 11/16 levels left

rFire   . . .      SeeInvis .   a - staff of cold
rCold   + . .      Faith    .   (no shield)
rNeg    . . .      Spirit   .   z - +2 acid dragon scales
rPois   +          Reflect  .   y - +0 helmet
rElec   .          Harm     .   (no cloak)
rCorr   +          Rampage  .   (no gloves)
Will    .....                   (no boots)
Stlth   ..........              M - amulet of magic regeneration
HPRegen 0.29/turn               P - ring of poison resistance
MPRegen 0.54/turn               E - +4 ring of evasion

@: berserking, about to teleport, very quick
A: no striking features
a: Renounce Religion


You were on level 10 of the Dungeon.
You worshipped Vehumet.
Vehumet was pleased with you.
You visited 2 branches of the dungeon, and saw 12 of its levels.

You collected 471 gold pieces.

Inventory:

Missiles
 m - 2 throwing nets
 t - 2 curare-tipped darts (quivered)
Armour
 y - a +0 helmet (worn)
 z - +2 acid dragon scales (worn)
Magical Staves
 a - a staff of cold (weapon)
Jewellery
 A - an amulet of the acrobat
 E - a +4 ring of evasion (right hand)
 H - an amulet of reflection
 M - an amulet of magic regeneration (around neck)
 P - a ring of poison resistance (left hand)
 V - a +6 ring of strength
Wands
 k - a wand of digging (2)
 x - a wand of paralysis (1)
Scrolls
 c - a scroll of teleportation
 d - 2 scrolls of vulnerability
 e - 4 scrolls of fear
 f - a scroll of immolation
 j - 7 scrolls of identify
 o - a scroll of enchant weapon
 q - 3 scrolls of magic mapping
Potions
 b - a potion of magic
 g - 6 potions of flight
 h - a potion of haste
 l - 6 potions of curing
 n - 2 potions of might
 p - 2 potions of brilliance
 s - a potion of mutation
 u - a potion of ambrosia
 v - a potion of resistance


   Skills:
 - Level 4.0 Fighting
 + Level 7.8 Staves
 - Level 5.0 Armour
 - Level 2.0 Dodging
 - Level 2.0 Stealth
 - Level 3.0 Spellcasting
 - Level 1.0 Conjurations
 - Level 1.0 Summonings
 - Level 1.0 Translocations
 - Level 10.0 Ice Magic
 - Level 10.0 Evocations


You had 11 spell levels left.
You knew the following spells:

 Your Spells              Type           Power      Damage    Failure   Level
b - Blink                 Tloc           10%        N/A       26%         2
o - Ozocubu's Armour      Ice            48%        N/A       1%          3

Your spell library contained the following spells:

 Spells                   Type           Power      Damage    Failure   Level
 Static Discharge         Conj/Air       3%         N/A       32%         2
 Ensorcelled Hibernation  Hex/Ice        50%        N/A       5%          2
 Magic Dart               Conj           20%        1d4       19%         1
 Shock                    Conj/Air       12%        1d3       22%         1
 Slow                     Hex            8%         N/A       26%         1
 Call Imp                 Summ           5%         N/A       26%         2
 Conjure Flame            Conj/Fire      3%         6-21      54%         3
 Mephitic Cloud           Conj/Pois/Air  3%         N/A       56%         3
 Confusing Touch          Hex            2%         N/A       63%         3
 Spider Form              Tmut/Pois      2%         N/A       63%         3
 Swiftness                Air            2%         N/A       63%         3
 Tukima's Dance           Hex            2%         N/A       63%         3
 Metabolic Englaciation   Hex/Ice        12%        N/A       67%         5
 Airstrike                Air            1%         N/A       95%         4
 Animate Dead             Necr           1%         N/A       95%         4
 Petrify                  Tmut/Erth      2%         N/A       95%         4
 Simulacrum               Ice/Necr       12%        N/A       99%         6
 Borgnjor's Vile Clutch   Necr/Erth      1%         N/A       100%        5
 Yara's Violent Unravell  Hex/Tmut       1%         3d3       100%        5
 Death Channel            Necr           1%         N/A       100%        6
 Statue Form              Tmut/Erth      1%         N/A       100%        6


Dungeon Overview and Level Annotations

Branches:
Dungeon (11/15)            Temple (1/1) D:4            Lair (0/6) D:8
    Orc: D:9-12

Altars:
Ashenzari
Cheibriados
Dithmenos
Elyvilon
Fedhas
Gozag
Hepliaklqana
Kikubaaqudgha
Makhleb
Nemelex Xobeh
Okawaru
Qazlal
Ru
Sif Muna
Trog
Uskayaw
Vehumet
Wu Jian
Xom
Yredelemnul
Zin
The Shining One

Shops:
D:2 (   D:4 :   D:8 =   D:10 [

Annotations:
D:3 Grinder
D:8 5 runed translucent doors


Message History

The kobold hits you with a +0 short sword.
Aiming: Paralyse
Press: ? - help, Shift-Dir - straight line, f/p - molten gargoyle
Aim: a molten gargoyle, wielding a +0 flail (chance to affect: 37%)
The molten gargoyle resists with some effort.
The molten gargoyle hits you with a +0 flail.
You are engulfed in flames!
The kobold hits you but does no damage.
Aiming: Paralyse
Press: ? - help, Shift-Dir - straight line, f/p - molten gargoyle
Aim: a molten gargoyle, wielding a +0 flail (chance to affect: 37%)
The molten gargoyle resists with some effort.
The molten gargoyle blasts magma at you!
The bolt of magma hits you!!
* * * LOW HITPOINT WARNING * * *
The kobold hits you but does no damage.
As you read the scroll of fear, it crumbles to dust.
You assume a fearsome visage.
The kobold looks frightened!
The molten gargoyle is unaffected.
The molten gargoyle misses you.
Okay, then.
Okay, then.
Unknown command.
As you read the scroll of teleportation, it crumbles to dust.
You feel strangely unstable.
The molten gargoyle hits you but does no damage.
A red film seems to cover your vision as you go berserk!
You feel yourself moving faster!
You feel mighty! The molten gargoyle barely misses you.
You hit the molten gargoyle but do no damage.
You freeze the molten gargoyle!
The molten gargoyle is heavily damaged.
The molten gargoyle barely misses you.
You barely miss the molten gargoyle.
The molten gargoyle is heavily damaged.
You hit the molten gargoyle but do no damage.
You freeze the molten gargoyle.
The molten gargoyle is heavily damaged.
The molten gargoyle hits you with a +0 flail.
* * * LOW HITPOINT WARNING * * *
You are engulfed in flames!
You die...

#####..........................
#................(.........
#..........................
#####..........................
#...!##################'#####..
#....#....................#....
#....#....................#....
#....##############'##.##.##..#
#.............@[..#.##.##+##..#
#.............9...#...........#
#.................#...........'
#.................#....##.....#
#....#####........#....##.....#
#....# #.......K'....#......#
#....# #........#....########
#....# #........#....#.......
#....# #........#+####.......


You could see a molten gargoyle and a kobold (fleeing).

Vanquished Creatures
  A hydra (D:9)
  Harold (D:7)
  Erica (D:10)
  A two-headed ogre (D:10)
  A tengu warrior (D:10)
  Pikel (D:7)
  A molten gargoyle (D:11)
  A hornet (D:9)
  Prince Ribbit (D:5)
  3 yaks
  2 wyverns
  A steam dragon (D:6)
  An acid dragon (D:8)
  A water moccasin (D:5)
  An orc warrior (D:7)
  A hornet zombie (D:8)
  An ice beast (D:7)
  3 ogres
  A black bear (D:6)
  A necrophage (D:4)
  A lemure (D:7)
  2 centaurs (D:9)
  2 kobold brigands (D:9)
  A gnoll sergeant (D:9)
  3 bullfrogs
  2 scorpions
  9 killer bees
  4 wights (D:9)
  5 howler monkeys
  5 centaur zombies
  A bullfrog zombie (D:4)
  3 orc priests
  3 hounds
  A jelly (D:6)
  A centaur skeleton (D:7)
  2 bullfrog skeletons
  2 iguanas
  7 orc wizards
  7 gnolls
  4 adders
  An ufetubus (D:6)
  2 worms
  2 dart slugs
  20 orcs
  4 ball pythons
  4 bats
  7 endoplasms
  3 giant cockroaches
  5 goblins
  11 hobgoblins
  2 jackals (D:1)
  7 quokkas
  17 frilled lizards
  13 kobolds
  7 rats
195 creatures vanquished.

Vanquished Creatures (others)
  An orc (D:11)
  7 plants
8 creatures vanquished.

Grand Total: 203 creatures vanquished

Notes
Turn   | Place    | Note
-------+----------+-------------------------------------------
     0 | D:1      | Armakuni the Human Hedge Wizard began the quest for the
                  | Orb.
     0 | D:1      | Reached XP level 1. HP: 13/13 MP: 4/4
   491 | D:1      | Reached skill level 1 in Ice Magic
   491 | D:1      | Reached XP level 2. HP: 17/19 MP: 0/6
   496 | D:1      | Reached skill level 1 in Evocations
   545 | D:1      | Learned a level 2 spell: Blink
   920 | D:1      | Found a faded altar of an unknown god.
  1199 | D:1      | Reached XP level 3. HP: 24/24 MP: 0/7
  1996 | D:2      | Found an ancient bone altar of Kikubaaqudgha.
  2738 | D:2      | Found Xeariegg's Weapon Shop.
  2939 | D:2      | Reached XP level 4. HP: 30/30 MP: 5/8
  3117 | D:3      | Learned a level 3 spell: Ozocubu's Armour
  3433 | D:3      | You fall into a shaft and drop 3 floors!
  3474 | D:6      | Reached XP level 5. HP: 25/35 MP: 1/9
  3627 | D:6      | Noticed an ogre
  3685 | D:6      | Noticed a black bear
  3779 | D:6      | Noticed a bullfrog
  3807 | D:6      | Killed a black bear
  3808 | D:6      | Reached XP level 6. HP: 23/41 MP: 8/10
  4304 | D:6      | Noticed a steam dragon
  4331 | D:7      | Noticed a wyvern
  4439 | D:6      | Noticed an ogre
  4442 | D:5      | Entered Level 5 of the Dungeon
  4738 | D:4      | Reached XP level 7. HP: 28/46 MP: 9/11
  5291 | D:3      | Reached skill level 5 in Ice Magic
  5542 | D:3      | Reached skill level 5 in Evocations
  6233 | D:4      | Found Utajof's Self-Improvement Boutique.
  6234 | D:4      | Noticed Grinder
  6571 | D:4      | Found a staircase to the Ecumenical Temple.
  6578 | Temple   | Entered the Ecumenical Temple
  6891 | Temple   | Became a worshipper of Vehumet
  7504 | D:5      | Reached XP level 8. HP: 50/52 MP: 9/12
  8094 | D:5      | Noticed Prince Ribbit
  8161 | D:5      | Killed Prince Ribbit
  8791 | D:5      | Reached skill level 1 in Fighting
  8791 | D:5      | Reached skill level 1 in Staves
  9055 | D:6      | Reached XP level 9. HP: 58/62 MP: 10/13
  9739 | D:7      | Reached * piety under Vehumet
  9739 | D:7      | Offered knowledge of Foxfire by Vehumet.
  9819 | D:7      | Noticed Harold
  9828 | D:7      | Killed Harold
 10109 | D:7      | Reached skill level 1 in Armour
 10123 | D:7      | Noticed Pikel
 10158 | D:7      | Killed Pikel
 10159 | D:7      | Reached XP level 10. HP: 55/71 MP: 14/14
 10916 | D:8      | Found a runed translucent door.
 10923 | D:8      | Noticed a fire dragon
 11312 | D:8      | Found a runed translucent door.
 11312 | D:8      | Noticed a seven-headed hydra
 11312 | D:8      | Noticed a brown ugly thing
 11379 | D:8      | Found a staircase to the Lair.
 11494 | D:8      | Found a burning altar of Makhleb.
 11494 | D:8      | Found a stormy altar of Qazlal.
 11641 | D:8      | Found Xoibok's Jewellery Boutique.
 11745 | D:8      | Found a runed translucent door.
 11745 | D:8      | Noticed a two-headed ogre
 11809 | D:8      | Found a runed translucent door.
 11809 | D:8      | Found a runed translucent door.
 11809 | D:8      | Noticed a centaur warrior
 11843 | D:9      | Identified the +1 scale mail "Hinuv" {rElec}
 12456 | D:9      | Noticed a seven-headed hydra
 12461 | D:9      | Killed a seven-headed hydra
 12462 | D:9      | Reached skill level 5 in Armour
 12472 | D:9      | Reached XP level 11. HP: 73/77 MP: 12/15
 12755 | D:9      | Reached ** piety under Vehumet
 12994 | D:10     | Entered Level 10 of the Dungeon
 13118 | D:10     | Noticed a tengu warrior
 13138 | D:10     | Killed a tengu warrior
 13139 | D:10     | Reached skill level 10 in Ice Magic
 13139 | D:10     | Reached skill level 10 in Evocations
 13299 | D:10     | Reached skill level 5 in Staves
 13339 | D:10     | Identified the +2 robe "Ovutesaq" {rF+ Regen+ Str+3}
 13393 | D:10     | Offered knowledge of Static Discharge by Vehumet.
 13525 | D:10     | Noticed a two-headed ogre
 13532 | D:10     | Killed a two-headed ogre
 13544 | D:10     | Noticed Erica
 13563 | D:10     | Killed Erica
 14046 | D:10     | Found Margaret's Dragon-Slaying Spoils.
 14281 | D:11     | Noticed a four-headed hydra
 14285 | D:11     | Noticed a boulder beetle
 14295 | D:10     | Slain by a molten gargoyle

Illustrated notes

Levels and vault maps discovered:
D:1:      nicolae_arrival_somewhat_less_tricky_arrival, layout_basic,
          shapermc_ecumenical_altar_gd, serial_forest,
          infiniplex_forest_corner_1, infiniplex_forest_lined_1,
          infiniplex_forest_corner_1, infiniplex_forest_clump_diagonal,
          infiniplex_forest_lined_room_2
D:2:      minmay_skewed_foursquare, layout_basic, serial_shops,
          nicolae_shop_behind_doors, basic_altar, kennysheep_cross_room
D:3:      layout_loops_ring, gup_sewer_entry_pipe, minmay_misc_feat_alley,
          minmay_misc_feat_roman, minmay_lizard_king
D:4:      layout_basic, minmay_temple_entry_nine_rooms, nicolae_shop_self_help,
          uniq_grinder
D:5:      layout_basic, uniq_prince_ribbit1
D:6:      layout_basic
D:7:      layout_rooms, uniq_pikel, uniq_harold
D:8:      minmay_the_grid_triangle_9x9_rhombus_thin
          [minmay_the_grid_triangle_9x9_minimal,
          minmay_the_grid_triangle_9x9_prize_schism,
          minmay_the_grid_triangle_9x9_tough_junction,
          minmay_the_grid_triangle_9x9_fully_insulated_deathbox], layout_rooms,
          gammafunk_temple_overflow_pools, lair_entry_dummy, serial_shops, shop,
          uniq_grum
D:9:      layout_gridville
D:10:     layout_gridville, nicolae_shop_dragon_depot, uniq_erica
D:11:     layout_basic, minmay_orc_entry_temple_small, serial_shops,
          nicolae_shop_stone, minivault_8, uniq_fannar
Temple:   mainiacjoe_temple_cubbyholes

Skill      XL: |  1  2  3  4  5  6  7  8  9 10 11 |
---------------+----------------------------------+-----
Ice Magic      | 1 2 3 4 6 7 8 9 10 | 10.0
Evocations     | 1 2 3 4 5 8 9 10 | 10.0
Fighting       | 2 4 |  4.0
Staves         | 2 4 7 |  7.8
Armour         | 2 5 |  5.0
Dodging        | |  2.0
Stealth        | |  2.0
Spellcasting   | |  3.0
Conjurations   | |  1.0
Summonings     | |  1.0
Translocations | |  1.0

Action                   |  1- 3 |  4- 6 |  7- 9 | 10-12 || total
-------------------------+-------+-------+-------+-------++-------
Melee: Staff             |    75 |   152 |   324 |   325 ||   876
Throw: Dart              |       |       |     4 |    12 ||    16
       Throwing net      |       |       |     3 |     1 ||     4
 Cast: Magic Dart        |    86 |    17 |       |       ||   103
       Ozocubu's Armour  |       |     9 |    28 |    16 ||    53
       Blink             |       |       |     1 |       ||     1
Evoke: Wand              |       |       |    11 |    20 ||    31
  Use: Scroll            |     2 |     5 |     4 |    12 ||    23
       Potion            |       |     1 |     5 |     2 ||     8
 Stab: Sleeping          |     1 |       |     4 |     1 ||     6
       Distracted        |       |       |     1 |       ||     1
       Held in net/web   |       |       |     1 |     1 ||     2
       Paralysed         |       |       |       |    12 ||    12
Armor: Robe              |    14 |    68 |    61 |       ||   143
       Scale mail        |       |       |    20 |    28 ||    48
       Acid dragon scale |       |       |       |   185 ||   185
Dodge: Dodged            |    54 |   133 |   202 |   300 ||   689
Block: Other             |       |       |    43 |    18 ||    61
       Reflection        |       |       |       |     1 ||     1

Table legend: (Time is in decaauts)
 A = Elapsed time spent in this place.
 B = Non-inter-level travel time spent in this place.
 C = Inter-level travel time spent in this place.
 D = Time resting spent in this place.
 E = Time spent auto-exploring this place.
 F = Levels seen in this place.
 G = Mean time per level.
                   A        B        C        D        E       F      G
               +--------+--------+--------+--------+--------+-----+--------+
         Total |  14415 |  14152 |    263 |   3024 |   8020 |  12 | 1201.2 |
       Dungeon |  14058 |  13860 |    198 |   3024 |   7731 |  11 | 1278.0 |
        Temple |    356 |    291 |     65 |      0 |    289 |   1 |  356.0 |
               +--------+--------+--------+--------+--------+-----+--------+

Top non-repeatable levels by time:
     D:1: 1793 daAuts
     D:5: 1678 daAuts
     D:6: 1563 daAuts
     D:4: 1541 daAuts
     D:3: 1419 daAuts
     D:2: 1282 daAuts
    D:10: 1274 daAuts
     D:7: 1215 daAuts
     D:9: 1163 daAuts
     D:8: 1106 daAuts
  Temple: 356 daAuts
    D:11: 20 daAuts
